AoeStats
← billzz0982

Arabia

509864706Analyzed
2v2 RM · 2d ago on Sep 28, 2026· 43m 14s· 4 players
Game mode
Random Map
Map size
Medium (4 player)
Population
200
Speed
Normal
Resources
Standard
Victory
Conquest
Starting age
Dark Age
Ending age
Imperial Age
RankedLock teamsTeams togetherTeam positionsShared explorationLock speedFull tech treeHidden civsTurbo modeCheats
Victory
Defeat
🇹🇼 Magyars · Taiwan
946
+15
🇭🇷 Vikings · Croatia
926
+16
🇹🇼 Britons · Taiwan
961
-17
🇮🇳 Bulgarians · India
896
-14
Russian version of Elon
11:46 Feudal Age
16:08 Castle Age
16:56 Double-Bit Axe
18:14 Bow Saw
18:52 Stone Mining
26:43 Scale Mail Armor
27:25 Forging
30:06 Gold Mining
39:16 Chain Mail Armor
43:51 Iron Casting
billzz0982
11:10 Feudal Age
15:40 Castle Age
14:28 Double-Bit Axe
18:54 Bloodlines
25:29 Scale Barding Armor
27:18 Bow Saw
26:56 Horse Collar
28:10 Wheelbarrow
28:31 Chain Barding Armor
34:25 Corvinian Army
39:00 Husbandry
42:05 Imperial Age
41:58 Thumb Ring
41:13 Elite Skirmisher
ashzbashz
5:35 Loom
11:24 Feudal Age
12:26 Horse Collar
18:22 Castle Age
16:28 Double-Bit Axe
20:53 Arson
21:11 Squires
21:54 Pikeman
27:44 Heavy Plow
31:46 Wheelbarrow
30:59 Town Watch
Longoooooo
11:51 Feudal Age
13:17 Wheelbarrow
19:02 Castle Age
17:49 Double-Bit Axe
23:04 Fletching
25:12 Town Watch
27:50 Loom
28:15 Gold Mining
28:14 Pikeman
28:38 Elite Skirmisher
30:39 Horse Collar
37:01 Imperial Age
35:16 Padded Archer Armor
38:16 Light Cavalry
39:50 Bodkin Arrow
40:10 Leather Archer Armor
40:59 Chemistry
Connection lost

Rejoining the realm…

Still unreachable

The connection could not be restored.

Session expired

The server has moved on; the page needs a fresh start.